 Dungeon Crawl Stone Soup version 0.29-a0-1027-gcd8c55af63 (webtiles) character file.

Game seed: 17506171881212131720

167 nicolae the Insei (level 5, -1/61 HPs)
             Began as a Gnoll Transmuter on Aug 13, 2022.
             Slain by an orc priest
             ... wielding a +3 flail
              (6 damage)
             ... on level 3 of the Dungeon.
             The game lasted 00:04:14 (2888 turns).

nicolae the Insei (Gnoll Transmuter)                Turns: 2888, Time: 00:04:14

Health: -1/61      AC:  2    Str:  9    XL:     5   Next: 48%
Magic:  10/12      EV: 15    Int: 14    God:
Gold:   237        SH:  0    Dex: 19    Spells: 4/14 levels left

rFire   . . .      SeeInvis .     - Unarmed
rCold   + . .      Faith    .   (no shield)
rNeg    . . .      Spirit   .   a - +0 robe
rPois   .          Reflect  .   (helmet currently unavailable)
rElec   .          Harm     .   (no cloak)
rCorr   .          Rampage  .   (no gloves)
Will    .....                   (boots currently unavailable)
Stlth   ..........              (no amulet)
HPRegen 0.20/turn               j - +6 ring of dexterity
MPRegen 0.13/turn               o - ring of protection from cold

@: berserking, appendages (expiring), wereblooded, very quick
A: horns 2, talons 2, fangs 1, strong nose, distributed training
a: End Transformation


You were on level 3 of the Dungeon.
You had temporarily grown beastly horns and talons.
You visited 1 branch of the dungeon, and saw 4 of its levels.

You collected 257 gold pieces.
You spent 20 gold pieces at shops.

Inventory:

Missiles
 h - 6 boomerangs
 q - 3 throwing nets
Armour
 a - a +0 robe (worn)
Jewellery
 j - a +6 ring of dexterity (left hand)
 o - a ring of protection from cold (right hand)
Scrolls
 d - a scroll of noise {unknown}
 e - a scroll of teleportation {unknown}
 f - a scroll of magic mapping {unknown}
 g - a scroll of blinking
 k - a scroll of butterflies
 s - a scroll of poison {unknown}
Potions
 b - a potion of lignification
 c - a potion of flight
 i - 3 potions of curing
 l - a potion of cancellation {unknown}
 m - a potion of berserk rage
 n - 2 potions of invisibility {unknown}
 p - a potion of degeneration {unknown}
 r - a potion of magic {unknown}


   Skills:
 + Level 3.0 Fighting
 + Level 1.6 Short Blades
 + Level 1.6 Long Blades
 + Level 1.6 Axes
 + Level 1.6 Maces & Flails
 + Level 1.6 Polearms
 + Level 1.6 Staves
 + Level 1.6 Ranged Weapons
 + Level 1.6 Throwing
 + Level 1.6 Armour
 + Level 4.8 Dodging
 + Level 1.6 Stealth
 + Level 1.6 Shields
 + Level 6.7 Unarmed Combat
 + Level 5.2 Spellcasting
 + Level 1.2 Conjurations
 + Level 1.2 Hexes
 + Level 1.2 Summonings
 + Level 1.2 Necromancy
 + Level 1.2 Translocations
 + Level 4.0 Transmutations
 + Level 1.2 Fire Magic
 + Level 1.2 Ice Magic
 + Level 1.2 Air Magic
 + Level 1.2 Earth Magic
 + Level 1.2 Poison Magic
 + Level 1.8 Invocations
 + Level 1.6 Evocations


You had 4 spell levels left.
You knew the following spells:

 Your Spells              Type           Power      Damage    Failure   Level
a - Beastly Appendage     Tmut           28%        N/A       3%          1
b - Wereblood             Tmut           14%        N/A       4%          2
c - Spider Form           Tmut/Pois      11%        N/A       17%         3
d - Ice Form              Ice/Tmut       11%        N/A       50%         4

Your spell library contained the following spells:

 Spells                   Type           Power      Damage    Failure   Level
 Slow                     Hex            28%        N/A       10%         1
 Confusing Touch          Hex            7%         N/A       30%         3
 Vampiric Draining        Necr           7%         2d6       30%         3


Dungeon Overview and Level Annotations

Branches:
Dungeon (4/15)
 Temple: D:4-7

Altars:

Shops:
D:1 *


Innate Abilities, Weirdness & Mutations

You have temporarily grown beastly horns and talons.
You have very sharp teeth.
Your uncanny sense of smell can sniff out nearby items.
Your experience applies equally to all skills.


Message History

You bite the orc priest, but do no damage.
The orc priest is moderately wounded.
The orc priest calls down the wrath of Beogh upon you.
Beogh smites you!
You are too injured to fight recklessly!
You are too injured to fight recklessly!
You are too injured to fight recklessly!
Unknown command.
Casting: Beastly Appendage (safe; 3% risk of failure)
Confirm with . or Enter, or press ? or * to list all spells.
Your blood is infused with primal strength.
The orc priest calls upon Beogh to heal the orc priest.
The orc priest's wounds heal themselves!
The orc priest hits you but does no damage.
The orc priest calls down the wrath of Beogh upon you.
Pain shoots through your body!
* * * LOW HITPOINT WARNING * * *
You are too injured to fight recklessly!
You are too injured to fight recklessly!
Your transformation is almost over.
The orc priest looks satisfied for a moment.
There is a stone staircase leading up here.
The orc priest hits you with a +3 flail!
* * * LOW HITPOINT WARNING * * *
The orc priest closely misses you.
You climb upwards.
There is a stone staircase leading down here.
You are too injured to fight recklessly!
You are too injured to fight recklessly!
You are too injured to fight recklessly!
It was a potion of berserk rage.
A red film seems to cover your vision as you go berserk!
You feel yourself moving faster!
You feel mighty!
The orc priest looks satisfied for a moment.
The orc priest hits you but does no damage.
You punch the orc priest! You claw the orc priest. You headbutt the orc priest.
You feel a bit better.
You kill the orc priest!
The orc priest hits you with a +3 flail.
You die...

#.........# #..†..#
#.#.......# #####.#
#.#.......# #.#
#.#.......# #.#
#.####.#### #.# #.#
#.# #.# #.# #.# #.#
#.####.###### #.# ###
#.......)@o.#
#)###.###
#######.###.#
#........ #.# #.#
###.....# #.#
#.#######......) #.#
#....†..........
##.###########.......
#...###########..<..#
#...................#
#...#############.#.#


You could see an orc priest.

Vanquished Creatures
  An orc priest (D:3)
  Terence (D:2)
  6 gnolls (D:3)
  2 adders (D:3)
  4 worms
  4 bats
  4 endoplasms
  A giant cockroach (D:3)
  6 goblins
  6 hobgoblins
  2 jackals (D:2)
  6 kobolds
  2 quokkas (D:1)
  4 ball pythons
  3 frilled lizards
  7 rats
59 creatures vanquished.

Notes
Turn   | Place    | Note
-------+----------+-------------------------------------------
     0 | D:1      | nicolae the Gnoll Transmuter began the quest for the Orb.
     0 | D:1      | Reached XP level 1. HP: 17/17 MP: 6/6
   113 | D:1      | Reached XP level 2. HP: 18/23 MP: 7/7
   128 | D:1      | Learned a level 2 spell: Wereblood
   333 | D:1      | Found Zyostr Ufeps's General Store.
   404 | D:1      | Bought a scroll of identify for 20 gold pieces
   634 | D:1      | Reached skill level 5 in Spellcasting
   634 | D:1      | Reached XP level 3. HP: 27/28 MP: 6/9
  1046 | D:2      | Reached skill level 1 in Invocations
  1419 | D:2      | Noticed Terence
  1433 | D:2      | Killed Terence
  1434 | D:2      | Reached skill level 1 in Short Blades
  1434 | D:2      | Reached skill level 1 in Long Blades
  1434 | D:2      | Reached skill level 1 in Axes
  1434 | D:2      | Reached skill level 1 in Maces & Flails
  1434 | D:2      | Reached skill level 1 in Polearms
  1434 | D:2      | Reached skill level 1 in Staves
  1434 | D:2      | Reached skill level 1 in Ranged Weapons
  1434 | D:2      | Reached skill level 1 in Throwing
  1434 | D:2      | Reached skill level 1 in Armour
  1434 | D:2      | Reached skill level 1 in Stealth
  1434 | D:2      | Reached skill level 1 in Shields
  1434 | D:2      | Reached skill level 1 in Evocations
  1434 | D:2      | Reached XP level 4. HP: 29/34 MP: 11/11
  1451 | D:2      | Learned a level 3 spell: Spider Form
  1456 | D:2      | Learned a level 4 spell: Ice Form
  1851 | D:3      | Reached skill level 1 in Conjurations
  1851 | D:3      | Reached skill level 1 in Hexes
  1851 | D:3      | Reached skill level 1 in Summonings
  1851 | D:3      | Reached skill level 1 in Necromancy
  1851 | D:3      | Reached skill level 1 in Translocations
  1851 | D:3      | Reached skill level 1 in Fire Magic
  1851 | D:3      | Reached skill level 1 in Ice Magic
  1851 | D:3      | Reached skill level 1 in Air Magic
  1851 | D:3      | Reached skill level 1 in Earth Magic
  1851 | D:3      | Reached skill level 1 in Poison Magic
  2065 | D:3      | Reached XP level 5. HP: 29/40 MP: 10/12
  2885 | D:4      | HP: 1/41 [orc priest/+3 flail (7)]
  2888 | D:3      | Slain by an orc priest

Illustrated notes

Levels and vault maps discovered:
D:1:      onia_arrival_mini_maze, layout_rooms, serial_shops, shop_coins,
          minmay_misc_feat_pillars
D:2:      layout_basic, kennysheep_boxes, uniq_terence
D:3:      layout_loops_ring
D:4:      layout_loops_ring, lemuel_coloured_pillars_altar,
          mainiacjoe_overflow_tiny_flanked, nicolae_kikubaaqudgha_miasma_corner,
          minmay_overflow_temple_star_quad, serial_undead, serial_undead_b,
          serial_undead_d, serial_undead_b, serial_undead_b

Skill      XL: |  1  2  3  4  5 |
---------------+----------------+-----
Spellcasting   | 5 |  5.2
Invocations    | 1 |  1.8
Short Blades   | 1 |  1.6
Long Blades    | 1 |  1.6
Axes           | 1 |  1.6
Maces & Flails | 1 |  1.6
Polearms       | 1 |  1.6
Staves         | 1 |  1.6
Ranged Weapons | 1 |  1.6
Throwing       | 1 |  1.6
Armour         | 1 |  1.6
Stealth        | 1 |  1.6
Shields        | 1 |  1.6
Evocations     | 1 |  1.6
Conjurations   | 1 |  1.2
Hexes          | 1 |  1.2
Summonings     | 1 |  1.2
Necromancy     | 1 |  1.2
Translocations | 1 |  1.2
Fire Magic     | 1 |  1.2
Ice Magic      | 1 |  1.2
Air Magic      | 1 |  1.2
Earth Magic    | 1 |  1.2
Poison Magic   | 1 |  1.2
Fighting       | 3 |  3.0
Transmutations | 4 |  4.0
Dodging        | |  4.8
Unarmed Combat | |  6.7

Action                   |  1- 3 |  4- 6 || total
-------------------------+-------+-------++-------
Melee: Unarmed           |    91 |    63 ||   154
       Kick              |    13 |    16 ||    29
       Headbutt          |    10 |    12 ||    22
       Bite              |     5 |     5 ||    10
       Punch             |       |     3 ||     3
 Cast: Beastly Appendage |    24 |    15 ||    39
       Wereblood         |       |     3 ||     3
  Use: Scroll            |     2 |     3 ||     5
       Potion            |     1 |     1 ||     2
 Stab: Sleeping          |       |     3 ||     3
Armor: Robe              |    15 |     5 ||    20
Dodge: Dodged            |    64 |    27 ||    91

Table legend: (Time is in decaauts)
 A = Elapsed time spent in this place.
 B = Non-inter-level travel time spent in this place.
 C = Inter-level travel time spent in this place.
 D = Time resting spent in this place.
 E = Time spent auto-exploring this place.
 F = Levels seen in this place.
 G = Mean time per level.
                   A        B        C        D        E       F      G
               +--------+--------+--------+--------+--------+-----+--------+
         Total |   2895 |   2790 |    105 |    273 |   2087 |   4 |  723.8 |
       Dungeon |   2895 |   2790 |    105 |    273 |   2087 |   4 |  723.8 |
               +--------+--------+--------+--------+--------+-----+--------+

Top non-repeatable levels by time:
     D:3: 1213 daAuts
     D:1: 903 daAuts
     D:2: 765 daAuts
     D:4: 12 daAuts
